 Dungeon Crawl Stone Soup version 0.31-a0-435-g2c6fae2916 (webtiles) character file.

Game seed: 9271530343704906867

326 CraigForest the Shield-Bearer (level 6, -1/45 (48) HPs)
             Began as a Formicid Fighter on Aug 2, 2023.
             Slain by a wight
             ... wielding a +3 falchion of freezing
              (8 damage)
             ... on level 4 of the Dungeon.
             The game lasted 00:11:30 (2732 turns).

CraigForest the Shield-Bearer (Formicid Fighter)    Turns: 2732, Time: 00:11:36

HP:   -1/45 (48)    AC:  7    Str: 23    XL:     6   Next: 78%
MP:   6/6           EV: 10    Int:  7    God:
Gold: 112           SH:  5    Dex: 13    Spells: 5/5 levels left

rFire   . . .        p - +2 eveningstar (drain)
rCold   + . .        c - +0 buckler
rNeg    . . .        b - +0 scale mail
rPois   .            (helmet unavailable)
rElec   .            (cloak currently unavailable)
rCorr   .            (gloves currently unavailable)
SInv    +            (boots currently unavailable)
Will    .....        (no amulet) Stlth
                     e - ring of protection from cold
HPRegen 0.27/turn    (no ring)
MPRegen 0.10/turn

%: no passive effects
@: beast-form, drained
A: beast (slay +2), permanent stasis, dig shafts and tunnels, antennae 3, four
strong arms
a: Dig, Shaft Self, Begin Untransformation


You were on level 4 of the Dungeon.
You were a hulking beast.
You visited 1 branch of the dungeon, and saw 4 of its levels.

You collected 112 gold pieces.

Inventory:

Hand Weapons
 a - a +0 heavy quarterstaff
 i - a +4 dagger
 p - a +2 eveningstar of draining (weapon)
 w - a +0 morningstar
Missiles
 h - 6 poisoned darts
Armour
 b - a +0 scale mail (worn)
 c - a +0 buckler (worn)
Jewellery
 e - a ring of protection from cold (left hand)
 u - an amulet of magic regeneration
 x - a +6 ring of strength
Talismans
 j - a beast talisman (active)
Wands
 q - a wand of iceblast (2) (quivered)
Scrolls
 m - a scroll of teleportation
 n - a scroll of poison
 r - a scroll of revelation {unknown}
Potions
 d - a potion of might
 f - a potion of haste {unknown}
 g - 2 potions of mutation {unknown}
 k - a potion of degeneration {unknown}
 l - 2 potions of lignification
 o - 3 potions of curing
 z - a potion of attraction {unknown}


   Skills:
 - Level 4.0 Fighting
 + Level 1.1(1.9) Maces & Flails
 - Level 2.3(2.4) Staves
 + Level 4.6 Armour
 + Level 1.2 Dodging
 + Level 4.8 Shields
 + Level 1.4 Unarmed Combat
 * Level 3.0 Shapeshifting


You had 5 spell levels left.
You didn't know any spells.
Your spell library contained the following spells:

 Spells                   Type           Power      Damage    Failure   Level
 Manifold Assault         Tloc           0%         N/A       100%        4
 Blink                    Tloc           Unusable   N/A       N/A         2

Dungeon Overview and Level Annotations

Branches:
Dungeon (4/15)
 Temple: D:4-7

Altars:
Xom

Shops:
D:3 *


Innate Abilities, Weirdness & Mutations

You are a hulking beast.
Your limbs bulge with bestial killing power. (Slay +2)
You cannot be hasted, slowed, berserked, paralysed or teleported.
You can dig through walls and to a lower floor.
You have a pair of large antennae on your head. (SInv)
Your four strong arms can wield two-handed weapons with a shield.


Message History

You bludgeon the bullfrog zombie!!
You destroy the bullfrog zombie!
Your Maces & Flails skill increases to level 1!
Your Shapeshifting skill increases to level 3!
There is an open door here.
As you open the door, it creaks loudly!
An adder zombie comes into view.
A wight opens the door.
You sock the adder zombie!
The adder zombie is almost destroyed.
The adder zombie bites you but does no damage.
The wight hits you with a +3 falchion of freezing!
You feel drained. The wight freezes you.
The adder zombie bites you but does no damage.
You sock the adder zombie!
You destroy the adder zombie!
You block the wight's attack.
Your life force feels restored.
You completely miss the wight. The wight barely misses you.
You closely miss the wight. The wight hits you but does no damage.
The wight hits you with a +3 falchion of freezing.
You barely miss the wight.
The wight hits you with a +3 falchion of freezing.
You barely miss the wight. You block the wight's attack.
The wight hits you with a +3 falchion of freezing.
You feel drained. The wight freezes you.
You thump the wight!
The wight is heavily damaged.
The wight hits you with a +3 falchion of freezing!
* * * LOW HITPOINT WARNING * * *
The wight freezes you.
* * * LOW HITPOINT WARNING * * *
You hit the wight but do no damage.
The wight is heavily damaged.
The wight hits you with a +3 falchion of freezing.
* * * LOW HITPOINT WARNING * * *
You feel drained.
* * * LOW HITPOINT WARNING * * *
The wight hits you with a +3 falchion of freezing!
You die...

#.##.#.##.#####.#
#.##.#.##.......##
#.##.#.#######...##
####.##.#.######.....#
##.......#............#
#..###############....#
#..#{ { { {#.#.##8...##
#..# +#+#+#'#'####.##
#..# .......h..'...#
#..# +#+#+#z#'###..#
#..#{ { { {#.#.# 8#.#
#..# ########.# ##.#
..# #.# ### #.# #.# #.#


You could see a wight.

Vanquished Creatures
  A jelly (D:3)
  A bullfrog zombie (D:4)
  2 orc priests
  3 orc wizards (D:4)
  A mummy (D:4)
  3 adders
  An adder zombie (D:4)
  A worm (D:2)
  3 dart slugs
  9 orcs
  5 ball pythons
  2 bats
  8 endoplasms
  5 giant cockroaches
  5 goblins
  6 hobgoblins
  3 quokkas
  A frilled lizard (D:2)
  6 kobolds
66 creatures vanquished.

Notes
Turn   | Place    | Note
-------+----------+-------------------------------------------
     0 | D:1      | CraigForest the Formicid Fighter began the quest for the
                  | Orb.
     0 | D:1      | Reached XP level 1. HP: 18/18 MP: 1/1
   144 | D:1      | Reached XP level 2. HP: 24/24 MP: 2/2
   441 | D:1      | Reached XP level 3. HP: 29/29 MP: 3/3
   892 | D:2      | Found a shimmering altar of Xom.
   943 | D:2      | Reached XP level 4. HP: 37/37 MP: 4/4
  1251 | D:3      | Reached skill level 1 in Shapeshifting
  1258 | D:3      | Found Viumepie's General Store.
  1723 | D:3      | Reached skill level 1 in Unarmed Combat
  1723 | D:3      | Reached XP level 5. HP: 22/42 MP: 5/5
  2472 | D:4      | Identified a scroll of acquirement
  2472 | D:4      | Acquired a +1 eveningstar of draining
  2575 | D:4      | Reached XP level 6. HP: 43/48 MP: 6/6
  2629 | D:4      | Reached skill level 1 in Dodging
  2722 | D:4      | Reached skill level 1 in Maces & Flails
  2732 | D:4      | Slain by a wight

Illustrated notes

Levels and vault maps discovered:
D:1:      amcnicky_arrival_flooded_fountain, layout_loops_ring
D:2:      layout_basic, serial_glass, glass_columns_c, glass_columns_a,
          basic_altar
D:3:      layout_basic, serial_shops, shop, minmay_misc_feat_rugged
D:4:      layout_loops_ring, general_overflow_altar,
          mainiacjoe_overflow_alcove_2, lemuel_mausoleum_altar_yredelemnul,
          minmay_temple_entry_mist, serial_shops, shop,
          nicolae_shop_statue_plus, shop, shop, uniq_robin

Skill      XL: |  1  2  3  4  5  6 |
---------------+-------------------+-----
Shapeshifting  | 1 2 3 |  3.0
Fighting       | 4 |  4.0
Armour         | 4 |  4.6
Unarmed Combat | 1 |  1.4
Dodging        | 1 |  1.2
Maces & Flails | 1 |  1.1
Staves         | |  2.3
Shields        | |  4.8

Action                     |  1- 3 |  4- 6 || total
---------------------------+-------+-------++-------
  Melee: Quarterstaff      |    64 |    81 ||   145
         Eveningstar       |       |    39 ||    39
Ability: Dig               |     1 |       ||     1
    Use: Scroll            |       |     8 ||     8
 Armour: Scale mail        |    15 |    32 ||    47
  Dodge: Dodged            |    20 |    40 ||    60
  Block: Buckler           |    14 |    31 ||    45
   Form: Beast             |     1 |       ||     1

Table legend: (Time is in decaauts)
 A = Elapsed time spent in this place.
 B = Non-inter-level travel time spent in this place.
 C = Inter-level travel time spent in this place.
 D = Time resting spent in this place.
 E = Time spent auto-exploring this place.
 F = Levels seen in this place.
 G = Mean time per level.
                   A        B        C        D        E       F      G
               +--------+--------+--------+--------+--------+-----+--------+
         Total |   2780 |   2676 |    104 |    200 |   1680 |   4 |  695.0 |
       Dungeon |   2780 |   2676 |    104 |    200 |   1680 |   4 |  695.0 |
               +--------+--------+--------+--------+--------+-----+--------+

Top non-repeatable levels by time:
     D:3: 1226 daAuts
     D:2: 641 daAuts
     D:1: 619 daAuts
     D:4: 293 daAuts
